 Dungeon Crawl Stone Soup version 0.29-a0-559-g359e09b9d1 (webtiles) character file.

Game seed: 3930391268212851992

56 DocClef the Covert (level 3, -3/35 HPs)
             Began as a Gnoll Delver on June 10, 2022.
             Slain by a phantom (4 damage)
             ... on level 4 of the Dungeon.
             The game lasted 00:00:15 (313 turns).

DocClef the Covert (Gnoll Delver)                    Turns: 313, Time: 00:00:16

Health: -3/35      AC:  3    Str: 11    XL:     3   Next: 97%
Magic:  4/4        EV: 13    Int:  9    God:
Gold:   15         SH:  0    Dex: 15    Spells: 4/4 levels left

rFire   . . .      SeeInvis .   a - +0 short sword
rCold   . . .      Faith    .   (no shield)
rNeg    . . .      Spirit   .   b - +0 leather armour
rPois   .          Reflect  .   (no helmet)
rElec   .          Harm     .   (no cloak)
rCorr   .          Rampage  .   (no gloves)
Will    .....                   (no boots)
Stlth   ++++......              (no amulet)
HPRegen 0.11/turn               (no ring)
MPRegen 0.09/turn               (no ring)

@: no status effects
A: fangs 1, strong nose, distributed training
a: no special abilities


You were on level 4 of the Dungeon.
You visited 1 branch of the dungeon, and saw 2 of its levels.

You collected 15 gold pieces.

Inventory:

Hand Weapons
 a - a +0 short sword (weapon)
Armour
 b - a +0 leather armour (worn)
Wands
 g - a wand of digging (3)
Scrolls
 c - a scroll of fog
 d - a scroll of magic mapping
 e - a scroll of fear
Potions
 f - a potion of haste


   Skills:
 + Level 6.5 Fighting
 + Level 4.6 Short Blades
 + Level 1.0 Long Blades
 + Level 1.0 Axes
 + Level 1.0 Maces & Flails
 + Level 1.0 Polearms
 + Level 1.0 Staves
 + Level 1.0 Slings
 + Level 1.0 Bows
 + Level 1.0 Crossbows
 + Level 1.0 Throwing
 + Level 1.0 Armour
 + Level 4.6 Dodging
 + Level 9.6 Stealth
 + Level 1.0 Shields
 + Level 1.0 Unarmed Combat
 + Level 1.0 Spellcasting
 + Level 0.7 Conjurations
 + Level 0.7 Hexes
 + Level 0.7 Summonings
 + Level 0.7 Necromancy
 + Level 0.7 Translocations
 + Level 0.7 Transmutations
 + Level 0.7 Fire Magic
 + Level 0.7 Ice Magic
 + Level 0.7 Air Magic
 + Level 0.7 Earth Magic
 + Level 0.7 Poison Magic
 + Level 1.1 Invocations
 + Level 1.0 Evocations


You had 4 spell levels left.
You didn't know any spells.
Your spell library was empty.

Dungeon Overview and Level Annotations

Branches:
Dungeon (5/15)
 Temple: D:4-7

Altars:

Annotations:
D:5 Dowan, Duvessa


Innate Abilities, Weirdness & Mutations

You have very sharp teeth.
Your uncanny sense of smell can sniff out nearby items.
Your experience applies equally to all skills.


Message History

The phantom is lightly damaged.
The worm closely misses you.
You hit the phantom. You bite the phantom.
The phantom is moderately damaged.
The phantom barely misses you.
A ball python comes into view.
The ball python moves out of view.
You hit the phantom.
The phantom is heavily damaged.
The phantom misses you. The worm barely misses you.
Unknown command.
You miss the phantom.
The ball python hisses angrily.
Your punch misses the phantom.
The phantom is heavily damaged.
The phantom hits you but does no damage.
An adder comes into view.
The adder hisses angrily.
You hit the phantom but do no damage. Your bite misses the phantom.
The phantom is heavily damaged.
A ball python comes into view.
The phantom barely misses you. The worm bites you!
* * * LOW HITPOINT WARNING * * *
The ball python hisses angrily.
You hit the phantom but do no damage.
The phantom is heavily damaged.
The phantom hits you.
* * * LOW HITPOINT WARNING * * *
The phantom blinks!
You blink.
Found a scroll labelled INOXETRYTT and a runed cloak.
You closely miss the phantom.
The phantom is heavily damaged.
The phantom misses you.
You closely miss the phantom.
The phantom is moderately damaged.
The phantom hits you.
* * * LOW HITPOINT WARNING * * *
The phantom blinks!
You blink.
Found a scroll labelled QEFIGAINLI.
The phantom attacks as you move away! The phantom hits you.
You die...

#. ###### ### ####.
##≈≈≈≈## ##.. # #..#.
###≈≈≈≈≈≈###..#.#.###...
...≈≈.............# ###.
..≈≈......?§§..######...
.≈....≈≈..SSS...........
.≈..≈≈..≈....####....##.
..≈≈...@≈.........#.##..
.....⌠≈≈W.....####......
....≈≈⌠.......#.........
...≈....≈≈...w.......###
?..≈.[≈≈..≈...........#
....≈≈....≈.....#..##.#
........≈≈...#....## ...
.......≈≈....##...# ##.
≈### ...#.. #


You could see a phantom, a worm, an adder and 2 ball pythons.

Vanquished Creatures
  A necrophage (D:4)
1 creature vanquished.

Vanquished Creatures (others)
  8 fungi (D:4)
8 creatures vanquished.

Grand Total: 9 creatures vanquished

Notes
Turn   | Place    | Note
-------+----------+-------------------------------------------
     0 | D:5      | Reached skill level 9 in Stealth
     0 | D:5      | DocClef the Gnoll Delver began the quest for the Orb.
     0 | D:5      | Reached XP level 1. HP: 23/23 MP: 1/1
     4 | D:5      | Noticed a necrophage
     6 | D:5      | Noticed Dowan
     8 | D:5      | Noticed Duvessa
     8 | D:5      | Noticed an iguana
    29 | D:4      | Killed a necrophage
    30 | D:4      | Reached skill level 1 in Long Blades
    30 | D:4      | Reached skill level 1 in Axes
    30 | D:4      | Reached skill level 1 in Maces & Flails
    30 | D:4      | Reached skill level 1 in Polearms
    30 | D:4      | Reached skill level 1 in Staves
    30 | D:4      | Reached skill level 1 in Slings
    30 | D:4      | Reached skill level 1 in Bows
    30 | D:4      | Reached skill level 1 in Crossbows
    30 | D:4      | Reached skill level 1 in Throwing
    30 | D:4      | Reached skill level 1 in Armour
    30 | D:4      | Reached skill level 1 in Shields
    30 | D:4      | Reached skill level 1 in Unarmed Combat
    30 | D:4      | Reached skill level 1 in Spellcasting
    30 | D:4      | Reached skill level 1 in Invocations
    30 | D:4      | Reached skill level 1 in Evocations
    30 | D:4      | Reached XP level 2. HP: 8/29 MP: 1/3
    30 | D:4      | Reached XP level 3. HP: 10/35 MP: 1/4
   290 | D:4      | Noticed a phantom
   312 | D:4      | HP: 1/35 [phantom (3)]
   313 | D:4      | Slain by a phantom

Illustrated notes

Levels and vault maps discovered:
D:4:      cheibrodos_helix_gallery, layout_rooms,
          gammafunk_temple_overflow_statue, general_overflow_altar,
          serial_aquarium, aquarium_bridge_long_joined
          [aquarium_subvault_bridge, aquarium_subvault_wall,
          aquarium_subvault_balcony, aquarium_subvault_bridge,
          aquarium_subvault_window, aquarium_subvault_window],
          aquarium_bridge_straight [aquarium_subvault_bridge,
          aquarium_subvault_balcony, aquarium_subvault_bridge,
          aquarium_subvault_window], aquarium_window_1, aquarium_window_2,
          aquarium_window_fake, aquarium_view_2d, aquarium_pool_2,
          skrybe_limestone_x, minmay_distorted, uniq_eustachio
D:5:      cheibrodos_fzero, layout_rooms, beargit_hepliaklqana_dungeon_heroes,
          uniq_duvessa

Skill      XL: |  1 |
---------------+----+-----
Stealth        | |  9.6
Long Blades    | 1 |  1.0
Axes           | 1 |  1.0
Maces & Flails | 1 |  1.0
Polearms       | 1 |  1.0
Staves         | 1 |  1.0
Slings         | 1 |  1.0
Bows           | 1 |  1.0
Crossbows      | 1 |  1.0
Throwing       | 1 |  1.0
Armour         | 1 |  1.0
Shields        | 1 |  1.0
Unarmed Combat | 1 |  1.0
Spellcasting   | 1 |  1.0
Invocations    | 1 |  1.1
Evocations     | 1 |  1.0
Fighting       | |  6.5
Short Blades   | |  4.6
Dodging        | |  4.6
Conjurations   | |  0.7
Hexes          | |  0.7
Summonings     | |  0.7
Necromancy     | |  0.7
Translocations | |  0.7
Transmutations | |  0.7
Fire Magic     | |  0.7
Ice Magic      | |  0.7
Air Magic      | |  0.7
Earth Magic    | |  0.7
Poison Magic   | |  0.7

Action                   || total
-------------------------++-------
Melee: Short sword       ||    32
       Bite              ||     3
Armor: Leather armour    ||     4
Dodge: Dodged            ||    22

Table legend: (Time is in decaauts)
 A = Elapsed time spent in this place.
 B = Non-inter-level travel time spent in this place.
 C = Inter-level travel time spent in this place.
 D = Time resting spent in this place.
 E = Time spent auto-exploring this place.
 F = Levels seen in this place.
 G = Mean time per level.
                   A        B        C        D        E       F      G
               +--------+--------+--------+--------+--------+-----+--------+
         Total |    308 |    308 |      0 |      0 |    262 |   2 |  154.0 |
       Dungeon |    308 |    308 |      0 |      0 |    262 |   2 |  154.0 |
               +--------+--------+--------+--------+--------+-----+--------+

Top non-repeatable levels by time:
     D:4: 291 daAuts
     D:5: 16 daAuts
